 Dungeon Crawl Stone Soup version 0.26-a0-689-gc93c913f66 (webtiles) character file.

Game seed: 16023897623624035968

473 Kinoniko the Slasher (level 7, -1/45 HPs)
             Began as a Halfling Monk on Oct 23, 2020.
             Was a Believer of Okawaru.
             Killed from afar by an orc wizard (6 damage)
             ... with a magic dart
             ... on level 6 of the Dungeon.
             The game lasted 00:05:38 (4352 turns).

Kinoniko the Slasher (Halfling Monk)                Turns: 4352, Time: 00:05:39

Health: -1/45      AC:  6    Str: 12 (14) XL:     7   Next: 32%
Magic:  16/16      EV: 14    Int:  7 (8)  God:    Okawaru [**....]
Gold:   221        SH:  5    Dex: 15 (17) Spells: 6/6 levels left

rFire    . . .     SeeInvis .   a - +0 falchion
rCold    . . .     Faith    .   (shield restricted)
rNeg     . . .     Spirit   .   r - +0 scale mail
rPois    .         Reflect  +   (no helmet)
rElec    .         Harm     .   d - scarf {repulsion}
rCorr    .         Rampage  .   (no gloves)
MR       .....                  (no boots)
Stlth    +.........             g - amulet of reflection
HPRegen  0.15/turn              f - ring of magical power
MPRegen  0.15/turn              (no ring)

@: brilliant, stab, hasted and slowed, repel missiles
A: small, mutation resistance 1
a: Heroism, Renounce Religion


You were on level 6 of the Dungeon.
You worshipped Okawaru.
Okawaru was pleased with you.
You visited 1 branch of the dungeon, and saw 6 of its levels.

You collected 221 gold pieces.

Inventory:

Hand Weapons
 a - a +0 falchion (weapon)
Armour
 b - a +0 robe
 d - a scarf of repulsion (worn)
 q - a +0 chain mail
 r - a +0 scale mail (worn)
Jewellery
 f - a ring of magical power (left hand)
 g - an amulet of reflection (around neck)
 u - an uncursed ring of see invisible
 w - an uncursed ring of flight
Scrolls
 c - a scroll of fog
 i - 3 scrolls of amnesia
 k - 2 scrolls of teleportation
 o - a scroll of magic mapping
Potions
 h - 3 potions of heal wounds
 l - 2 potions of curing


   Skills:
 - Level 2.6 Fighting
 * Level 6.6 Long Blades
 + Level 5.5 Dodging
 - Level 2.1 Stealth


You had 6 spell levels left.
You didn't know any spells.
Your spell library was empty.

Dungeon Overview and Level Annotations

Branches:
Dungeon (7/15)             Temple (0/1) D:4

Altars:
Elyvilon
Okawaru
Qazlal


Innate Abilities, Weirdness & Mutations

You are small and have problems with some larger weapons.
You are somewhat resistant to further mutation.


Message History

The orc wizard mumbles some strange words.
The orc wizard blinks!
You block the orc wizard's attack.
The orc wizard mumbles some strange words.
The orc wizard seems to speed up.
The orc barely misses you.
You hit the orc wizard.
The orc wizard is severely wounded.
The orc wizard hits you but does no damage.
You block the orc wizard's attack. You block the orc's attack.
The orc wizard barely misses you.
Unknown command.
You barely miss the orc wizard.
The orc wizard is severely wounded.
You block the orc's attack.
The orc wizard hits you but does no damage.
The orc wizard hits you with a +0 dagger.
* * * LOW HITPOINT WARNING * * *
The orc barely misses you.
The orc wizard gestures at you while chanting.
The magic dart hits you.
You die...

#....... #...#>..
#...#.## #...#.#
#...#.#
##########*#...#,*
##.........,,,,,*,**
#.ooo......,,,*,*,*,
#.#@#.#.#.*,*,*,*,*,
#...o......,,,*,*,*,
*#...⌠..$..⌠,,,,,*,*,
#......._...,,,,,*,*,
#....⌠.....⌠,,,*<*,*,
#......o....,,,*,,,*,
#..#.#.#.#.#,*,*,*,,,
#..$........,,,*,*,**
*,*,**********,*,*,,,


You could see 3 orc wizards and 2 orcs.

Vanquished Creatures
  A hornet (D:6)
  An ogre (D:3)
  A howler monkey (D:3)
  A hound (D:4)
  3 adders
  2 oozes
  A leopard gecko (D:3)
  5 orcs (D:3)
  8 giant cockroaches
  7 goblins
  8 hobgoblins
  17 jackals
  8 kobolds
  5 quokkas
  6 bats
  5 frilled lizards
  A leopard gecko skeleton (D:6)
  A quokka zombie (D:4)
  7 rats
88 creatures vanquished.

Notes
Turn   | Place    | Note
-------+----------+-------------------------------------------
     0 | D:1      | Kinoniko the Halfling Monk began the quest for the Orb.
     0 | D:1      | Reached XP level 1. HP: 15/15 MP: 1/1
    29 | D:1      | Reached XP level 2. HP: 18/20 MP: 2/2
   355 | D:1      | Reached XP level 3. HP: 3/25 MP: 3/3
   372 | D:1      | HP: 1/25 [goblin (3)]
   846 | D:1      | Reached skill level 4 in Long Blades
  1694 | D:2      | Reached XP level 4. HP: 30/30 MP: 4/4
  2092 | D:2      | Found an iron altar of Okawaru.
  2111 | D:2      | Became a worshipper of Warmaster Okawaru
  2111 | D:2      | Reached * piety under Okawaru
  2111 | D:2      | Reached ** piety under Okawaru
  2482 | D:2      | Found a stormy altar of Qazlal.
  2485 | D:2      | Noticed a water elemental
  2486 | D:2      | Noticed an air elemental
  2486 | D:2      | Noticed a fire elemental
  2486 | D:2      | Noticed an earth elemental
  2741 | D:3      | Noticed an ogre
  2750 | D:3      | Killed an ogre
  2750 | D:3      | Reached skill level 5 in Long Blades
  2750 | D:3      | Reached XP level 5. HP: 35/35 MP: 5/5
  3079 | D:3      | Reached XP level 6. HP: 38/41 MP: 6/6
  3820 | D:4      | Found a staircase to the Ecumenical Temple.
  3843 | D:4      | Reached skill level 5 in Dodging
  3981 | D:4      | You fall into a shaft and drop 3 floors!
  3982 | D:7      | Noticed a hornet
  3988 | D:6      | Paralysed by a hornet for 1 turns
  4002 | D:6      | Killed a hornet
  4002 | D:6      | Reached skill level 6 in Long Blades
  4002 | D:6      | Reached XP level 7. HP: 5/45 MP: 7/7
  4311 | D:6      | Found a white marble altar of Elyvilon.
  4352 | D:6      | Killed from afar by an orc wizard

Illustrated notes

Levels and vault maps discovered:
D:1:      dpeg_arrival_oval, layout_basic
D:2:      layout_loops_ring, nicolae_qazlal_style_of_elements,
          kennysheep_okawaru_gauntlet
D:3:      layout_loops_corners
D:4:      layout_loops_ring, minmay_temple_entry_glassed_door
D:6:      layout_basic, kennysheep_mini_moat, gup_sewer_entry_bubbles,
          elyvilon_altar_5
D:7:      layout_basic, nicolae_overflow_quartered_altars

Skill      XL: |  1  2  3  4  5  6 |
---------------+-------------------+-----
Long Blades    | 4 5 6 |  6.6
Dodging        | 4 5 |  5.5
Fighting       | |  2.6
Stealth        | |  2.1

Action                   |  1- 3 |  4- 6 |  7- 9 || total
-------------------------+-------+-------+-------++-------
Melee: Falchion          |   109 |   163 |    25 ||   297
Invok: Heroism           |       |     2 |       ||     2
  Use: Scroll            |     3 |     6 |     4 ||    13
       Potion            |       |     1 |     5 ||     6
 Stab: Sleeping          |     1 |     4 |       ||     5
Armor: Robe              |    39 |     4 |       ||    43
       Scale mail        |       |    18 |     6 ||    24
       Chain mail        |       |     3 |       ||     3
       Skin              |       |       |    37 ||    37
Dodge: Dodged            |   155 |   124 |    22 ||   301
Block: Other             |       |    35 |    15 ||    50
       Reflection        |       |     1 |       ||     1
       Rpst.: Falchion   |    47 |    34 |     7 ||    88

Table legend: (Time is in decaauts)
 A = Elapsed time spent in this place.
 B = Non-inter-level travel time spent in this place.
 C = Inter-level travel time spent in this place.
 D = Time resting spent in this place.
 E = Time spent auto-exploring this place.
 F = Levels seen in this place.
 G = Mean time per level.
                   A        B        C        D        E       F      G
               +--------+--------+--------+--------+--------+-----+--------+
         Total |   4364 |   4286 |     78 |   1162 |   2341 |   6 |  727.3 |
       Dungeon |   4364 |   4286 |     78 |   1162 |   2341 |   6 |  727.3 |
               +--------+--------+--------+--------+--------+-----+--------+

Top non-repeatable levels by time:
     D:1: 1681 daAuts
     D:3: 1072 daAuts
     D:2: 931 daAuts
     D:6: 362 daAuts
     D:4: 312 daAuts
     D:7: 3 daAuts
